Cogmind - Beta 15 @@@ ROGUE MODE // 2025.10.16 @ 00:46:44 Player: Runagate Result: Self-destructed Performance ------------- Evolutions (6) 3000 Regions Visited (11) 2200 Robots Destroyed (67) 335 Value Destroyed (1352) 1352 Prototype IDs (9) 180 Alien Tech Used (0) 0 Bonus (50) 50 TOTAL SCORE: 7117 Bonus ------- Follower Combat Kills 50 Cogmind --------- Core Integrity 937/1150 Matter 300/300 Energy 100/100 System Corruption 0% Temperature Cool (9) Movement Core (150) Ox2 Location -4/Extension Parts ------- > --- POWER (2) -------- (None) > --- PROPULSION (6) --- (None) > --- UTILITY (9) ------ Small Storage Unit Advanced Signal Interpreter Improved Terrain Scan Processor Target Analyzer Improved System Guard > --- WEAPON (2) ------- Falx > --- INVENTORY (8) ---- Cooled Cesium-ion Thruster Medium Battery (150) System Restoration Module Advanced System Restoration Module Improved EM Shotgun Light Assault Rifle Improved Datajack Improved Plasma Cutter Peak State ------------ > --- POWER ------------ Light Deuterium Engine Light Antimatter Reactor > --- PROPULSION ------- VTOL Module Improved Flight Unit Makeshift Flight Unit Nuclear Pulse Array Impulse Thruster > --- UTILITY ---------- Disposable Heat Sink Small Storage Unit Advanced Signal Interpreter Improved Terrain Scan Processor Target Analyzer Improved Propulsion Shielding > --- WEAPON ----------- Falx Heavy Pick > --- INVENTORY -------- Cooled Cesium-ion Thruster Medium Battery System Restoration Module Advanced System Restoration Module Improved EM Shotgun Light Assault Rifle Improved Datajack Improved Plasma Cutter [Rating: 68] Favorites ----------- Power Light Deuterium Engine Engine Light Deuterium Engine Power Core Light Nuclear Core Reactor Light Antimatter Reactor Propulsion VTOL Module Leg Aluminum Leg Flight Unit VTOL Module Utility Small Storage Unit Device Disposable Heat Sink Storage Small Storage Unit Processor Improved Terrain Scan Processor Protection Improved Propulsion Shielding Weapon Chainsword Energy Gun Improved EM Shotgun Ballistic Gun Assault Rifle Impact Weapon Flail Slashing Weapon Chainsword Piercing Weapon Heavy Pick Build | -11 -10 -9 -9 -9 -7 -6 -6 -6 -5 -4 -4 ------- Run | Yrd Mat Mat Sto Rec Fac Fac Low Low Fac Fac Ext Slots Evolved 12 | . . 2 . . 4 2 . . 2 2 . Power 1 | . . . . . . . . . 1 . . Propulsion 4 | . . 2 . . . 1 . . 1 . . Utility 7 | . . . . . 4 1 . . . 2 . Weapon . | . . . . . . . . . . . . Parts Attached 77 | 7 12 25 2 . 15 2 4 . 7 2 1 Power 11 | 1 2 5 . . 1 . . . 1 1 . Engine 8 | 1 . 5 . . 1 . . . 1 . . Core 2 | . 2 . . . . . . . . . . Reactor 1 | . . . . . . . . . . 1 . Propulsion 28 | 2 3 12 . . 6 1 2 . 1 1 . Treads . | . . . . . . . . . . . . Leg 13 | 2 3 8 . . . . . . . . . Wheel . | . . . . . . . . . . . . Hover . | . . . . . . . . . . . . Flight 15 | . . 4 . . 6 1 2 . 1 1 . Utility 25 | 2 3 6 1 . 7 1 1 . 3 . 1 Device 9 | 1 2 1 1 . 2 1 . . 1 . . Storage 8 | 1 1 5 . . 1 . . . . . . Processor 6 | . . . . . 4 . . . 1 . 1 Hackware . | . . . . . . . . . . . . Protection 2 | . . . . . . . 1 . 1 . . Artifact . | . . . . . . . . . . . . Weapon 13 | 2 4 2 1 . 1 . 1 . 2 . . Energy Gun 5 | . 3 1 1 . . . . . . . . Energy Cannon . | . . . . . . . . . . . . Ballistic Gun 3 | 2 1 . . . . . . . . . . Ballistic Cannon . | . . . . . . . . . . . . Launcher . | . . . . . . . . . . . . Special Weapon . | . . . . . . . . . . . . Impact Weapon 1 | . . 1 . . . . . . . . . Slashing Weapon 3 | . . . . . 1 . 1 . 1 . . Piercing Weapon 1 | . . . . . . . . . 1 . . Special Melee Weapon . | . . . . . . . . . . . . Unidentified Prototypes 5 | . . 3 . . . 1 . . 1 . . Corrupted Parts 1 | . . 1 . . . . . . . . . System Corruption 1 | . . 1 . . . . . . . . . Parts Lost 15 | . 2 . 1 . 1 . . . . 2 9 Power 2 | . . . . . . . . . . 1 1 Propulsion 7 | . 1 . 1 . . . . . . . 5 Utility 4 | . . . . . 1 . . . . 1 2 Weapon 2 | . 1 . . . . . . . . . 1 Highest Loss Streak 7 | . 1 . 1 . 1 . . . . 1 7 To Critical Strikes . | . . . . . . . . . . . . Average Backups 8 | 1 7 11 7 8 8 8 7 8 7 8 8 Power 1 | . 1 1 1 1 1 1 1 1 . . . Propulsion 1 | . 1 1 . . . . 1 1 1 1 1 Utility 2 | . 1 1 2 2 2 2 2 3 3 3 3 Weapon 2 | . 2 5 3 4 3 3 2 2 2 2 2 Tool/Special . | . . . . . . . . . . . . Unused Backups 15 | . 2 4 . . 3 1 . . . . 5 Power 2 | . . 1 . . 1 . . . . . . Propulsion 2 | . . 2 . . . . . . . . . Utility 5 | . 2 . . . . . . . . . 3 Weapon 3 | . . 1 . . 2 . . . . . . Tool/Special 3 | . . . . . . 1 . . . . 2 Average Slot Usage (%) 92 | . 99 99 86 77 64 84 92 93 88 78 69 Engine 8 | . 10 10 11 11 7 6 6 6 11 8 4 Leg 12 | . 27 31 . . . . . . . . . Flight 20 | . . 11 37 33 28 26 32 33 29 26 22 Device 12 | . 14 10 11 11 5 17 13 13 11 6 4 Storage 9 | . 14 11 11 11 7 6 6 6 5 5 5 Processor 9 | . . . . . 7 20 20 20 17 15 19 Protection 2 | . . . . . . . 5 6 5 5 2 Energy Gun 4 | . 10 12 4 . . . . . . . . Ballistic Gun 4 | . 17 . . . . . . . . . . Impact Weapon 2 | . . 9 11 11 . . . . . . . Slashing Weapon 3 | . . . . . 6 6 6 6 5 5 5 Peak Build Rating 68 | 7 12 23 22 17 31 37 40 40 62 68 68 Average Rating 25 | 5 7 18 18 17 22 33 37 40 48 62 63 On Entrance 28 | . 7 12 21 17 17 31 34 40 40 62 61 Naked Turns . | . . . . . . . . . . . . Heaviest Build 34 | 14 20 34 16 13 16 16 17 17 26 32 20 Greatest Support 49 | 20 20 49 19 15 19 23 25 25 34 37 37 Greatest Overweight (x) 6 | . . 6 . . 1 . . . . . 1 Average Overweight (x) . | . . . . . . . . . . . . Largest Inventory Capacity 15 | 8 10 15 8 8 8 8 8 8 8 8 8 Average Capacity 9 | 6 8 13 8 8 8 8 8 8 8 8 8 Most Carried 15 | 2 10 15 8 8 8 8 8 8 8 8 8 Average Carried 8 | 1 7 11 7 8 7 7 7 8 7 8 8 Final Capacity 10 | 8 10 8 8 8 8 8 8 8 8 8 8 Final Carried 10 | 2 10 8 8 8 8 8 8 8 8 8 8 Class Distribution -------------------- 38% | Mutant 36% | Scavenger-Sprinter 15% | Sprinter 9% | Scavenger-Mutant Dominant Class ---------------- Mutant | -10/Materials Mutant | -9/Materials Mutant | -9/Storage Mutant | -9/Recycling Sprinter | -7/Factory Sprinter | -6/Factory Scavenger-Sprinter | -6/Lower Caves Scavenger-Sprinter | -6/Lower Caves Sprinter | -5/Factory Sprinter | -4/Factory Mutant | -4/Extension Resources | -11 -10 -9 -9 -9 -7 -6 -6 -6 -5 -4 -4 ----------- Run | Yrd Mat Mat Sto Rec Fac Fac Low Low Fac Fac Ext Matter Collected 1329 | 175 503 296 25 . 95 19 101 . 95 . 20 Remotely . | . . . . . . . . . . . . Salvage Created 2101 | 152 649 820 107 81 64 19 81 . 48 . 80 Parts 130 | 17 40 42 5 2 9 . 9 . 2 . 4 Haulers Intercepted 6 | . 2 4 . . . . . . . . . Recyclers Shooed 1 | . . 1 . . . . . . . . . Parts Field Recycled . | . . . . . . . . . . . . Retrieved Matter . | . . . . . . . . . . . . Parts Self-Destructed 6 | . . . . . . . 6 . . . . Prevented 2 | . . . . . . . 2 . . . . Kills | -11 -10 -9 -9 -9 -7 -6 -6 -6 -5 -4 -4 ------- Run | Yrd Mat Mat Sto Rec Fac Fac Low Low Fac Fac Ext Combat Hostiles Destroyed 38 | . 15 14 2 . 3 . 3 . . . 1 Melee 7 | . . 3 . . 3 . . . . . 1 Guns 27 | . 15 10 . . . . 2 . . . . AOE 1 | . . . . . . . 1 . . . . Classes Destroyed 11 | 2 5 2 1 . . 1 . . . . . Worker 4 | . 2 1 . . . . . . 1 . . Builder 1 | . . 1 . . . . . . . . . Tunneler 8 | 5 1 2 . . . . . . . . . Hauler 6 | . 2 4 . . . . . . . . . Recycler 3 | 1 . 1 . 1 . . . . . . . Operator 2 | . . . . . . 1 . . . . 1 Watcher 5 | . 2 2 . . . . . . 1 . . Swarmer 18 | . 6 6 . . 3 . 3 . . . . Grunt 17 | . 9 7 . . . . . . . . 1 Duelist 1 | . . 1 . . . . . . . . . Sentry 2 | . . . 2 . . . . . . . . Best Kill Streak 4 | 4 3 4 1 1 3 1 3 . 1 . 1 Combat Bots Only 3 | . 3 3 1 . 3 . 3 . . . 1 Max Kills in Single Turn 1 | 1 1 1 1 1 1 1 1 . 1 . 1 Gunslinging . | . . . . . . . . . . . . Exploded 1 | . . . . . . . 1 . . . . Melee 1 | . . 1 . . 1 . . . . . 1 Uniques/NPCs Destroyed . | . . . . . . . . . . . . Combat | -11 -10 -9 -9 -9 -7 -6 -6 -6 -5 -4 -4 -------- Run | Yrd Mat Mat Sto Rec Fac Fac Low Low Fac Fac Ext Hostile Shots Fired 255 | . 78 64 10 8 14 1 19 . . 24 37 Missed 89 | . 23 18 3 5 6 1 9 . . 12 12 Hits 166 | . 55 46 7 3 8 . 10 . . 12 25 Melee 1 | . . 1 . . . . . . . . . Projectile 165 | . 55 45 7 3 8 . 10 . . 12 25 Critical Strikes 6 | . . 1 . 2 . . . . . 1 2 Damage Taken 2426 | . 614 471 103 43 118 . 175 . . 257 645 Core 517 | . 91 79 43 15 42 . 34 . . . 213 Absorbed by Shields . | . . . . . . . . . . . . Redirected to Shielding 109 | . . . . . . . . . . 76 33 Regen/Repaired (Parts) 166 | . 107 59 . . . . . . . . . Core Remaining (%) 86 | 100 63 . . 65 94 . . 96 100 . . Volleys Fired 131 | 10 79 33 3 . . . 6 . . . . Largest 2 | 2 2 2 1 . . . 1 . . . . Hottest 90 | 40 90 90 45 . . . 45 . . . . Shots Fired 233 | 20 154 50 3 . . . 6 . . . . Gun 233 | 20 154 50 3 . . . 6 . . . . Cannon . | . . . . . . . . . . . . Launcher . | . . . . . . . . . . . . Special . | . . . . . . . . . . . . Kinetic 102 | 20 82 . . . . . . . . . . Thermal 106 | . 72 34 . . . . . . . . . Explosive . | . . . . . . . . . . . . Electromagnetic 25 | . . 16 3 . . . 6 . . . . Robot Hit Streak 12 | 7 12 11 5 . . . 11 . . . . Robot Miss Streak 3 | 2 3 3 . . . . 3 . . . . Penetration Max . | . . . . . . . . . . . . Secondary Targets 2 | . 1 1 . . . . . . . . . Max Gunslinging Chain 1 | . 1 1 . . . . . . . . . Shots Hit Robots 189 | 13 93 55 5 1 4 3 5 . 3 . 7 Core Hits 81 | 7 35 22 1 1 3 1 6 . 1 . 4 Critical Kills 1 | . 1 . . . . . . . . . . Critical Parts Destroyed 7 | . 1 4 2 . . . . . . . . Critical Strikes 14 | . 7 4 2 . . . . . 1 . . Burn 5 | . 5 . . . . . . . . . . Destroy 2 | . 2 . . . . . . . . . . Smash 6 | . . 4 2 . . . . . . . . Impale 1 | . . . . . . . . . 1 . . Melee Attacks 84 | . . 38 6 1 11 9 3 . 5 3 8 Impact 45 | . . 38 6 1 . . . . . . . Slashing 30 | . . . . . 11 9 3 . 4 3 . Piercing 9 | . . . . . . . . . 1 . 8 Sneak Attacks 12 | . . 8 1 1 . 1 . . 1 . . Combat Hostiles . | . . . . . . . . . . . . Follow-up Attacks . | . . . . . . . . . . . . Damage Inflicted 4223 | 138 1317 1624 158 98 156 203 128 . 163 . 238 Guns 1964 | 138 1214 503 39 . . . 70 . . . . Cannons . | . . . . . . . . . . . . Explosions 157 | . 99 . . . . . 58 . . . . Melee 2098 | . . 1121 119 98 156 203 . . 163 . 238 Ramming 4 | . 4 . . . . . . . . . . Kinetic 773 | 138 635 . . . . . . . . . . Thermal 953 | . 678 217 . . . . 58 . . . . Explosive . | . . . . . . . . . . . . Electromagnetic 395 | . . 286 39 . . . 70 . . . . Impact 1338 | . . 1121 119 98 . . . . . . . Slashing 450 | . . . . . 156 203 . . 91 . . Piercing 310 | . . . . . . . . . 72 . 238 Highest Corruption 1 | . . 1 1 1 . . . . . . . Average Corruption 1 | . . 1 1 1 . . . . . . . Corruption Purged . | . . . . . . . . . . . . Corruption Blocked . | . . . . . . . . . . . . Effects 6 | . . 5 . 1 . . . . . . . Message Errors 1 | . . 1 . . . . . . . . . Matter Fused 1 | . . 1 . . . . . . . . . Energy Discharges 2 | . . 1 . 1 . . . . . . . Data Loss (major) 2 | . . 2 . . . . . . . . . Overload Shots . | . . . . . . . . . . . . Overflow Damage 594 | . . 309 79 . . 88 . . 118 . . Projectiles . | . . . . . . . . . . . . Explosions . | . . . . . . . . . . . . Melee 594 | . . 309 79 . . 88 . . 118 . . Knockbacks 7 | . . 6 1 . . . . . . . . Impact 7 | . . 6 1 . . . . . . . . Kinetic . | . . . . . . . . . . . . Secondary . | . . . . . . . . . . . . Self-Inflicted Damage 15 | . . . . . . . 15 . . . . Shots 1 | . . . . . . . 1 . . . . Rammed . | . . . . . . . . . . . . Targets Rammed 1 | . 1 . . . . . . . . . . Kicked 1 | . 1 . . . . . . . . . . Crushed . | . . . . . . . . . . . . Highest Temperature 171 | . 171 6 16 17 . . 8 . 3 9 . Average Temperature 43 | . 47 5 6 12 . . 4 . 3 5 . Received Heat Transfer 648 | . 249 156 24 63 . . 36 . . 51 69 Siege Activations . | . . . . . . . . . . . . Martial Activations . | . . . . . . . . . . . . Shielding Activations . | . . . . . . . . . . . . Robots Disrupted . | . . . . . . . . . . . . Combat Hostiles . | . . . . . . . . . . . . Robots Corrupted 7 | . . 5 2 . . . . . . . . Combat Hostiles 3 | . . 1 2 . . . . . . . . Parts Fried 8 | . . 5 3 . . . . . . . . Impact Corruptions 16 | . . 13 3 . . . . . . . . Robots Melted . | . . . . . . . . . . . . Combat Hostiles . | . . . . . . . . . . . . Parts Melted 6 | . 6 . . . . . . . . . . Heat Transferred 2646 | . 2064 582 . . . . . . . . . Parts Sabotaged . | . . . . . . . . . . . . Parts Stolen . | . . . . . . . . . . . . Parts Stripped . | . . . . . . . . . . . . Power Chain Reactions 1 | . . . . . . . 1 . . . . Alert | -11 -10 -9 -9 -9 -7 -6 -6 -6 -5 -4 -4 ------- Run | Yrd Mat Mat Sto Rec Fac Fac Low Low Fac Fac Ext Maximum Alert Level 1 | . 1 . . 1 1 . . . . . . Low Security (%) 88 | 100 89 100 100 95 . 100 . . 100 100 100 Level 1 11 | . 10 . . 4 100 . . . . . . Level 2 . | . . . . . . . . . . . . Level 3 . | . . . . . . . . . . . . Level 4 . | . . . . . . . . . . . . Level 5 . | . . . . . . . . . . . . High Security . | . . . . . . . . . . . . Max Security . | . . . . . . . . . . . . Peak Influence 395 | 20 231 170 144 207 395 170 . . 64 22 37 Initial 359 | . 6 85 71 48 359 158 . . 62 3 9 Average 91 | 3 47 90 101 147 358 153 . . 43 8 18 Influence Increases 2397 | 30 537 549 143 224 426 32 235 . 66 47 108 Destroy 0b10 Robot/C 780 | . 300 280 40 . 60 . 60 . . . 40 Destroy 0b10 Robot/NC 145 | 30 35 55 . 5 . 5 . . 10 . 5 Destroy Leader 162 | . 78 42 20 . 10 . 10 . 2 . . Allied During Kill 4 | . . . . . . . . . . . 4 Successful Hack 208 | . 24 21 23 24 25 12 . . 54 11 14 Select Force Hacks 180 | . . . . 180 . . . . . . . Disable Machine 120 | . 60 15 15 . 15 15 . . . . . Destroy Structure 18 | . 10 1 . . 1 . . . . 6 . Advance Influence 300 | . . . . . 300 . . . . . . Partial Spotted 180 | . . 90 30 . 15 . . . . 15 30 Lose Combat Pursuer 300 | . 30 45 15 15 . . 165 . . 15 15 Influence Decreases 2397 | 20 343 583 189 206 243 227 242 24 157 36 127 Entered New Map 673 | . 4 119 99 76 83 167 49 24 37 5 10 Time Decay 1613 | 20 319 464 80 130 150 60 193 . 120 20 57 Lost Part 91 | . 20 . 10 . 10 . . . . 11 40 Lost Ally 20 | . . . . . . . . . . . 20 Squads Dispatched 14 | . 3 2 2 . 2 3 . . 1 . 1 Investigation 5 | . 2 1 1 . 1 . . . . . . Extermination 2 | . . . . . 1 . . . 1 . . Reinforcement 7 | . 1 1 1 . . 3 . . . . 1 Assault . | . . . . . . . . . . . . Garrison . | . . . . . . . . . . . . Intercept . | . . . . . . . . . . . . Searches Triggered . | . . . . . . . . . . . . Construction Impeded . | . . . . . . . . . . . . Haulers Reinforced . | . . . . . . . . . . . . Active Scanning Responses . | . . . . . . . . . . . . Cargo Convoy Interrupts . | . . . . . . . . . . . . Stealth | -11 -10 -9 -9 -9 -7 -6 -6 -6 -5 -4 -4 --------- Run | Yrd Mat Mat Sto Rec Fac Fac Low Low Fac Fac Ext Distress Signals 9 | . . 4 2 . . . . . . 1 2 Communications Jammed . | . . . . . . . . . . . . Distress Signals . | . . . . . . . . . . . . Times Spotted 103 | . 23 28 5 1 4 5 18 . 2 6 11 Peak Tracking Total 12 | . 4 5 3 1 3 2 12 . 1 6 7 Tactical Retreats 12 | . 1 3 1 1 . . 4 . . 1 1 Traps | -11 -10 -9 -9 -9 -7 -6 -6 -6 -5 -4 -4 ------- Run | Yrd Mat Mat Sto Rec Fac Fac Low Low Fac Fac Ext Traps Triggered 4 | . 2 . . . 2 . . . . . . Indirectly . | . . . . . . . . . . . . Trap Hack Attempts . | . . . . . . . . . . . . Triggered . | . . . . . . . . . . . . Disarmed . | . . . . . . . . . . . . Reprogrammed . | . . . . . . . . . . . . Reused . | . . . . . . . . . . . . Traps Extracted . | . . . . . . . . . . . . Installed . | . . . . . . . . . . . . Triggered . | . . . . . . . . . . . . Machines | -11 -10 -9 -9 -9 -7 -6 -6 -6 -5 -4 -4 ---------- Run | Yrd Mat Mat Sto Rec Fac Fac Low Low Fac Fac Ext Machines Disabled 8 | . 4 1 1 . 1 1 . . . . . Max in Single Turn 4 | . 4 1 1 . 1 1 . . . . . Garrison Access 2 | . . . 1 . 1 . . . . . . Machines Repaired . | . . . . . . . . . . . . Machines Dismantled . | . . . . . . . . . . . . Machines Sabotaged . | . . . . . . . . . . . . Overloaded Fab Kills . | . . . . . . . . . . . . Hacking | -11 -10 -9 -9 -9 -7 -6 -6 -6 -5 -4 -4 --------- Run | Yrd Mat Mat Sto Rec Fac Fac Low Low Fac Fac Ext Machines Accessed 53 | . 6 5 8 11 7 3 . . 7 3 3 Terminals 37 | . 5 3 7 5 6 2 . . 3 3 3 Fabricators 1 | . . . . . . . . . 1 . . Repair Stations 3 | . 1 1 . . . . . . 1 . . Recycling Units 7 | . . 1 . 6 . . . . . . . Scanalyzers 2 | . . . . . . 1 . . 1 . . Garrison Access 3 | . . . 1 . 1 . . . 1 . . Total Hacks 128 | . 28 15 17 17 15 5 . . 19 4 8 Successful 77 | . 19 12 11 14 6 1 . . 8 3 3 Failed 51 | . 9 3 6 3 9 4 . . 11 1 5 Catastrophic 9 | . . 1 . . 3 2 . . 1 1 1 Database Lockouts . | . . . . . . . . . . . . Manual 74 | . 18 9 10 20 10 2 . . 4 1 . Terminals 92 | . 18 9 16 11 13 2 . . 11 4 8 Fabricators 1 | . . . . . . . . . 1 . . Repair Stations 17 | . 10 5 . . . . . . 2 . . Recycling Units 7 | . . 1 . 6 . . . . . . . Scanalyzers 5 | . . . . . . 3 . . 2 . . Garrison Access 6 | . . . 1 . 2 . . . 3 . . Terminal Hacks 14 | . 1 . 3 . 2 . . . 2 3 3 Prototype ID Bank 2 | . . . . . . . . . 1 1 . Open Door 6 | . . . 3 . . . . . . 1 2 Terminal Index 1 | . 1 . . . . . . . . . . Recall Investigation 1 | . . . . . 1 . . . . . . Registered Components 4 | . . . . . 1 . . . 1 1 1 Fabricator Hacks 1 | . . . . . . . . . 1 . . Network Status 1 | . . . . . . . . . 1 . . Repair Station Hacks 13 | . 8 4 . . . . . . 1 . . Scan Component 7 | . 4 2 . . . . . . 1 . . Repair 6 | . 4 2 . . . . . . . . . Recycling Unit Hacks 1 | . . 1 . . . . . . . . . Retrieve Components 1 | . . 1 . . . . . . . . . Scanalyzer 3 | . . . . . . 1 . . 2 . . Insert Component 2 | . . . . . . 1 . . 1 . . Analyze 1 | . . . . . . . . . 1 . . Garrison Access Hacks 2 | . . . 1 . 1 . . . . . . Seal Access 2 | . . . 1 . 1 . . . . . . Unauthorized Hacks 43 | . 10 7 7 14 3 . . . 2 . . Terminals 37 | . 10 7 7 8 3 . . . 2 . . Botnet 14 | . 4 3 3 3 1 . . . . . . Operators 3 | . 1 1 1 . . . . . . . . Skim 20 | . 5 3 3 5 2 . . . 2 . . Fabricators . | . . . . . . . . . . . . Repair Stations . | . . . . . . . . . . . . Recycling Units 6 | . . . . 6 . . . . . . . Tunnel 6 | . . . . 6 . . . . . . . Scanalyzers . | . . . . . . . . . . . . Garrison Access . | . . . . . . . . . . . . Data Cores Recovered 1 | . . . . . . . . . . . 1 Used 1 | . . . . . . . . . . . 1 Hacking Detections 31 | . 3 2 4 4 7 2 . . 6 2 1 Full Trace Events 1 | . . . 1 . . . . . . . . Feedback Events . | . . . . . . . . . . . . Feedback Blocked . | . . . . . . . . . . . . Robot Schematics Acquired . | . . . . . . . . . . . . Robots Built . | . . . . . . . . . . . . Authchips . | . . . . . . . . . . . . Time . | . . . . . . . . . . . . Total Robot Build Rating . | . . . . . . . . . . . . Part Schematics Acquired . | . . . . . . . . . . . . Parts Built . | . . . . . . . . . . . . Authchips . | . . . . . . . . . . . . Time . | . . . . . . . . . . . . Total Part Build Rating . | . . . . . . . . . . . . Parts Repaired 6 | . 4 2 . . . . . . . . . Time 162 | . 104 58 . . . . . . . . . Parts Recycled . | . . . . . . . . . . . . Recycled Matter . | . . . . . . . . . . . . Retrieved Matter . | . . . . . . . . . . . . Retrieved Components 9 | . . 9 . . . . . . . . . Parts Scanalyzed 1 | . . . . . . 1 . . . . . Part Schematics Acquired . | . . . . . . . . . . . . Parts Damaged 1 | . . . . . . 1 . . . . . Bothacking | -11 -10 -9 -9 -9 -7 -6 -6 -6 -5 -4 -4 ------------ Run | Yrd Mat Mat Sto Rec Fac Fac Low Low Fac Fac Ext Used RIF Installer . | . . . . . . . . . . . . Robots Hacked . | . . . . . . . . . . . . Non-combat . | . . . . . . . . . . . . Combat . | . . . . . . . . . . . . Robot Hacks Applied . | . . . . . . . . . . . . Relay Couplers Released . | . . . . . . . . . . . . Fabnet Peak Effective % . | . . . . . . . . . . . . Robots Rewired 3 | . . . . . . . . . . . 3 Allies Hacked . | . . . . . . . . . . . . Hacks Repelled . | . . . . . . . . . . . . Allies | -11 -10 -9 -9 -9 -7 -6 -6 -6 -5 -4 -4 -------- Run | Yrd Mat Mat Sto Rec Fac Fac Low Low Fac Fac Ext Total Allies 4 | . . . . . . . . . . . 4 Largest Group 3 | . . . . . . . . . . . 3 Highest-Rated Group 126 | . . . . . . . . . . . 126 Highest-Rated Ally 46 | . . . . . . . . . . . 46 Total Orders . | . . . . . . . . . . . . Ally Attacks 9 | . . . . . . . . . . . 9 Total Damage 255 | . . . . . . . . . . . 255 Kills 1 | . . . . . . . . . . . 1 Allies Corrupted . | . . . . . . . . . . . . Allies Melted . | . . . . . . . . . . . . Intel | -11 -10 -9 -9 -9 -7 -6 -6 -6 -5 -4 -4 ------- Run | Yrd Mat Mat Sto Rec Fac Fac Low Low Fac Fac Ext Active Infowar (turns) 5711 | 7 1402 767 159 273 231 123 2479 6 249 15 . Sensors 3022 | . . . . . 150 123 2479 6 249 15 . Seismic 2855 | 7 1402 767 159 273 87 123 37 . . . . Robot Analysis Total . | . . . . . . . . . . . . Derelict Logs Recovered 2 | . . . . . . . 2 . . . . Drone Launches . | . . . . . . . . . . . . Drone Recoveries . | . . . . . . . . . . . . Exploration | -11 -10 -9 -9 -9 -7 -6 -6 -6 -5 -4 -4 ------------- Run | Yrd Mat Mat Sto Rec Fac Fac Low Low Fac Fac Ext Turns Passed 6680 | 90 1592 1175 160 273 315 123 2479 6 249 93 125 Spaces Moved 6303 | 44 840 1020 386 526 877 360 916 22 782 274 256 Core 6 | 6 . . . . . . . . . . . Treads . | . . . . . . . . . . . . Legs 1358 | 38 840 480 . . . . . . . . . Wheels . | . . . . . . . . . . . . Hover . | . . . . . . . . . . . . Flight 4939 | . . 540 386 526 877 360 916 22 782 274 256 Fastest Speed 24 | 50 120 31 31 34 27 24 24 28 28 29 30 Average Speed 50 | 110 120 83 32 34 28 26 24 28 28 29 32 Slowest Speed 490 | 120 120 490 34 34 104 27 28 28 29 30 120 Overloaded Moves . | . . . . . . . . . . . . Propulsion Burnouts . | . . . . . . . . . . . . Robots Hopped 42 | . . 4 3 . 7 . 1 . 5 4 18 Potential Cave-ins . | . . . . . . . . . . . . Cave-ins Triggered . | . . . . . . . . . . . . Exploration Rate (%) 37 | 4 81 45 56 87 27 10 62 7 19 9 44 Regions Visited 11 Branch Regions 5 Pre-discovered Areas 9 | . 1 . . 8 . . . . . . . Known Exits Taken 8 | . 1 . 1 . 1 1 1 1 1 1 . Unknown Exits Taken 3 | 1 . 1 . 1 . . . . . . . Scrap Searched 2 | . . . . . . . 2 . . . . Spaces Dug 7 | . . . . . 1 . 3 . . 3 . Terrain Destroyed 19 | . 9 . . . 1 . 6 . . 3 . Melee 7 | . . . . . 1 . 3 . . 3 . Projectile . | . . . . . . . . . . . . AOE 12 | . 9 . . . . . 3 . . . . Terrain Rammed . | . . . . . . . . . . . . Walls Destroyed . | . . . . . . . . . . . . Machines Disabled . | . . . . . . . . . . . . Actions | -11 -10 -9 -9 -9 -7 -6 -6 -6 -5 -4 -4 --------- Run | Yrd Mat Mat Sto Rec Fac Fac Low Low Fac Fac Ext Total 9400 | 64 1275 1231 403 617 918 375 3161 21 796 276 263 Wait 2740 | 2 318 85 7 91 8 . 2229 . . . . Move 6215 | 43 839 1012 379 525 862 359 913 21 771 266 225 Hop 35 | . . 3 3 . 7 . 1 . 5 3 13 Pick Up 37 | 2 13 13 . . 4 2 1 . 2 . . Fast Attach 29 | 7 3 3 . . 10 1 1 . 3 . 1 Attach 8 | . 1 2 1 . . 1 1 . 2 . . Detach 5 | . . . 1 . 1 1 1 . 1 . . Swap 53 | . 12 24 2 . 6 . 3 . 4 2 . Drop 47 | . 9 18 1 . 9 2 2 . 4 2 . Fire 131 | 10 79 33 3 . . . 6 . . . . Melee 83 | . . 38 6 1 11 9 3 . 4 3 8 Ram . | . . . . . . . . . . . . Kick 1 | . 1 . . . . . . . . . . Crush . | . . . . . . . . . . . . Escape Stasis . | . . . . . . . . . . . . Rewire 16 | . . . . . . . . . . . 16 Trap . | . . . . . . . . . . . . Miscellaneous . | . . . . . . . . . . . . Route ------- -11/Scrapyard -10/Materials (discovered 5 exits: *Mat x3 / Min / Sub) -9/Materials (discovered 2 exits: Min / *Sto) -9/Storage -9/Recycling (discovered 2 exits: *Fac / Scr) -7/Factory -6/Factory -6/Lower Caves -6/Lower Caves -5/Factory (discovered 2 exits: *Fac / *Upp) -4/Factory -4/Extension History --------- Turn | Location | Event 9 | -11/Scrapyard | Discovered new exit (range 15) 91 | -11/Scrapyard | Entered Materials 314 | -10/Materials | Build established: Mutant 736 | -10/Materials | Repaired Ion Engine 764 | -10/Materials | Repaired Aluminum Leg 791 | -10/Materials | Repaired Aluminum Leg 818 | -10/Materials | Repaired Sml. Laser 877 | -10/Materials | Discovered new exit (range 15) 1021 | -10/Materials | Discovered new exit (range 8) 1506 | -10/Materials | Learned Storage terminal intel 1539 | -10/Materials | Identified exit to Mines 1539 | -10/Materials | Identified exit to Subcaves 1580 | -10/Materials | Learned location of Mines (-9) 1598 | -10/Materials | Identified exit to Materials 1623 | -10/Materials | Learned location of 1 exit from Storage 1683 | -10/Materials | Entered another Materials area 1683 | -9/Materials | Evolved 2 slots: Propulsion x2 1684 | -9/Materials | Identified exit to Mines 1746 | -9/Materials | Build established: Scavenger-Mutant 2358 | -9/Materials | Build established: Mutant 2395 | -9/Materials | Repaired Imp. Aluminum Leg 2640 | -9/Materials | Discovered new exit (range 14) 2748 | -9/Materials | Repaired Seismic Detector 2858 | -9/Materials | Entered Storage 2859 | -9/Storage | Identified exit to Recycling 2860 | -9/Storage | Loaded intel: 15 terminal locations 3017 | -9/Storage | Used back door to open Recycling access 3018 | -9/Storage | Entered Recycling 3071 | -9/Recycling | Discovered new exit (range 15) 3163 | -9/Recycling | Learned 2 Storage zone layouts 3199 | -9/Recycling | Learned Storage security intel 3225 | -9/Recycling | Learned Storage stockpile data 3241 | -9/Recycling | Learned location of 1 exit from Storage 3245 | -9/Recycling | Learned location of 2 exits from Materials 3246 | -9/Recycling | Learned location of Zion (-7) 3249 | -9/Recycling | Learned Storage trap positions 3260 | -9/Recycling | Identified exit to Scraptown 3280 | -9/Recycling | Learned Materials repair station intel 3291 | -9/Recycling | Entered Factory 3291 | -7/Factory | Evolved 4 slots: Utility x4 3597 | -7/Factory | Discovered new exit (range 7) 3606 | -7/Factory | Identified exit to Factory 3606 | -7/Factory | Entered another Factory area 3606 | -6/Factory | Evolved 2 slots: Propulsion x1, Utility x1 3680 | -6/Factory | Build established: Sprinter 3724 | -6/Factory | Discovered new exit (range 16) 3729 | -6/Factory | Identified exit to Lower Caves 3729 | -6/Factory | Entered Lower Caves 3822 | -6/Lower Caves | Identified exit to Lower Caves 3827 | -6/Lower Caves | Spotted B-75 Beast 4034 | -6/Lower Caves | Build established: Scavenger-Sprinter 6181 | -6/Lower Caves | Learned Factory garrison access intel 6208 | -6/Lower Caves | Entered another Lower Caves area 6212 | -6/Lower Caves | Discovered new exit (range 9) 6214 | -6/Lower Caves | Identified exit to Factory 6214 | -6/Lower Caves | Entered Factory 6214 | -5/Factory | Evolved 2 slots: Power x1, Propulsion x1 6215 | -5/Factory | Loaded intel: 4 garrison access locations 6417 | -5/Factory | Discovered new exit (range 5) 6418 | -5/Factory | Identified exit to Upper Caves 6461 | -5/Factory | Discovered new exit (range 8) 6463 | -5/Factory | Identified exit to Factory 6463 | -5/Factory | Entered another Factory area 6463 | -4/Factory | Evolved 2 slots: Utility x2 6491 | -4/Factory | Build established: Sprinter 6554 | -4/Factory | Discovered new exit (range 6) 6555 | -4/Factory | Identified exit to Extension 6556 | -4/Factory | Entered Extension 6665 | -4/Extension | Rescued a captive Derelict 6672 | -4/Extension | Spotted B-86 Titan 6673 | -4/Extension | Spotted B-86 Titan 6676 | -4/Extension | Rescued a captive Derelict 6681 | -4/Extension | Self-destructed Last Messages --------------- 06674_ Machine disabled. 06674_ Penetrated by Slug. 06675_ Lgt. Deuterium Engine destroyed. 06675_ Penetrated by Slug. 06675_ Machine disabled. 06675_ Penetrated by Slug. 06675_ Hvy. Pick destroyed. 06675_ Slug penetrates Y-64 Sentinel. 06677_ Mak. Flight Unit destroyed. 06677_ Imp. Flight Unit destroyed. 06677_ Critical hit (Blast). 06677_ Knocked back. 06677_ Penetrated by Slug. 06677_ Disposable Heat Sink destroyed. 06677_ Slug penetrates Wall. 06678_ Penetrated by Slug. 06679_ Nuclear Pulse Array destroyed. 06681_ Penetrated by Slug. 06681_ Impulse Thruster destroyed. 06681_ Critical hit (Blast). Map ----- +----------------------------------------------------+ | """""" #??????????????????????????????????????? | | """"""" #??????????????????????????????????????? | | #??????????????????????????????????????? | | [ #??????????????????????????????????????? | | #??????????????????????????????????????? | | ######### #??????????????????????????????????????? | | ????????# #??????????????????????????????????????? | | ??????### #??????????????????????????????????????? | | ????###T# #????????? ????????????????????????????? | | ????# #????????? ????????????????????????????? | | ????##### #????????? ????????????????????????????? | | ????????# #????????? #???????????????????????????? | | ????????# #????????# ???????????????????????????? | | ????????# #????????# #???????????????????????????? | | ????????# #????????# #???????????????????????????? | | ????????# #????????# #???????????????????????????? | | ????????# #????????# #???????????????????????????? | | ????????# #?######?# #???????????????????????????? | | ??????### ### ## ### ###?????????????????????????? | | ?????##" "" "" ""#?????????????????????????? | | ?????#" " " #?????????????????????????? | | ??????# #?????????????????????????? | | ??????# #?????????????????????????? | | ?????## ###############???????????? | | % R ????????? | | @ ????????? | | w ????????? | | t kR % ????????? | | B k BB kRu u k ?????????? | | ####### B BB #################?????????? | | ??????# #?????????????????????????? | | ??????# #?????????????????????????? | | ??????# #?????????????????????????? | | ??????# #?????????????????????????? | | ??????######T#"""#######?????????????????????????? | | ???????????##????????????????????????????????????? | | ?????????????????????????????????????????????????? | | | | | | | | | | | | | | | | | | | | | | | | | | | +----------------------------------------------------+ Best States ------------- Heat Dissipation 43 Coolant Potential 50 Energy Generation 30 Energy Capacity 280 Matter Stores 300 Matter Capacity 300 Sight Range 16 Robot Scan Range 15 Terrain Scan Density 110 Corruption Containment 12 Propulsion Shielding 66 Evasion (%) 65 Target Analysis 5 Item Schematics ----------------- None Robot Schematics ------------------ None Fabricated ------------ Nothing Repaired ---------- Ion Engine | 60% | -10/Materials Aluminum Leg | 61% | -10/Materials Aluminum Leg | 70% | -10/Materials Sml. Laser | 70% | -10/Materials Imp. Aluminum Leg | 59% | -9/Materials Seismic Detector | 10% | -9/Materials Alien Tech Used ----------------- None Achievements -------------- Prolific Hacker Challenges ------------ None Game ------ Seed FireCooledCyclogen Manual? 0 Play Time 00:52:06 Cumulative 176.3 hours Start 2025.10.15 @ 23:55:56 End 2025.10.16 @ 00:46:44 Sessions 1 Manual Loads 0 Difficulty Rogue Special Mode None Game No. 308 Rogue 306 Adventurer 0 Explorer 2 Win Type - Total 1 Types 1/0/0/0/0/0/0/0/0/0 Lore% 47 Gallery% 56 Achievement% 47 Wizard Run 0 Options --------- Layout 2 ASCII 0 Keyboard 1 Movement Arrows Keybinds 0 Fullscreen 1 Font 28/SmallcapsGlow Map View 50x49 Zoom Use 0% Tactical HUD 1 Map Filters NONE Filters NONE Steam 1 RUN: 6bc0787e-821f-4cbc-a841-0a0607f077f3